AoeStats
← LazyOldMan

Arabia

510301242Analyzed
1v1 RM · 1d ago on Sep 30, 2026· 53m 4s· 2 players
Game mode
Random Map
Map size
Tiny (2 player)
Population
200
Speed
Normal
Resources
Standard
Victory
Conquest
Starting age
Dark Age
Ending age
Imperial Age
RankedLock teamsTeams togetherTeam positionsShared explorationLock speedFull tech treeHidden civsTurbo modeCheats
Victory
Defeat
🇸🇪 Armenians · Sweden
1056
+17
🇵🇪 Malians · Peru
1080
-17
LazyOldMan
8:09 Loom
10:14 Feudal Age
10:24 Man-at-Arms
12:11 Wheelbarrow
11:41 Arson
14:22 Fletching
17:58 Padded Archer Armor
19:27 Scale Mail Armor
18:49 Long Swordsman
19:44 Horse Collar
21:54 Double-Bit Axe
22:42 Forging
28:11 Castle Age
26:47 Stone Mining
26:51 Gold Mining
29:21 Bow Saw
29:16 Squires
28:37 Two-Handed Swordsman
29:17 Bodkin Arrow
28:52 Crossbowman
32:57 Hand Cart
33:41 Chain Mail Armor
34:44 Gold Shaft Mining
33:57 Gambesons
36:26 Heavy Plow
41:25 Imperial Age
39:34 Iron Casting
40:30 Leather Archer Armor
42:12 Bracer
42:22 Fereters
43:35 Plate Mail Armor
44:06 Blast Furnace
42:48 Champion
43:50 Capped Ram
45:00 Elite Composite Bowman
48:07 Chemistry
47:32 Ballistics
47:08 Siege Ram
49:30 Conscription
50:26 Ring Archer Armor
50:12 Town Watch
GriTheGue
7:23 Loom
10:34 Feudal Age
14:33 Fletching
15:56 Double-Bit Axe
18:02 Padded Archer Armor
23:40 Castle Age
21:55 Scale Barding Armor
25:07 Bodkin Arrow
28:04 Crossbowman
36:49 Imperial Age
34:59 Wheelbarrow
34:15 Town Watch
35:06 Bow Saw
39:51 Scale Mail Armor
39:27 Man-at-Arms
41:25 Conscription
40:28 Long Swordsman
41:50 Two-Handed Swordsman
43:48 Chain Mail Armor
43:09 Champion
43:58 Squires
43:46 Arson
44:15 Forging
46:03 Plate Mail Armor
46:09 Iron Casting
47:39 Chain Barding Armor
47:33 Bloodlines
47:56 Hand Cart
48:51 Farimba
48:34 Elite Skirmisher
49:21 Thumb Ring
50:26 Leather Archer Armor
51:34 Light Cavalry
Connection lost

Rejoining the realm…

Still unreachable

The connection could not be restored.

Session expired

The server has moved on; the page needs a fresh start.